 Dungeon Crawl Stone Soup version 0.30-a0-457-g4b7bca3bfa (webtiles) character file.

Game seed: 4509059368158278286

103 dixiedixie the Grasshopper (level 4, -1/38 HPs)
             Began as a Gnoll Warper on Dec 13, 2022.
             Slain by a white imp (4 damage)
             ... summoned by Natasha
             ... on level 1 of the Dungeon.
             The game lasted 00:04:32 (1498 turns).

dixiedixie the Grasshopper (Gnoll Warper)           Turns: 1498, Time: 00:04:32

Health: -1/38      AC: 12    Str: 11    XL:     4   Next: 79%
Magic:  11/11      EV:  3    Int: 14    God:
Gold:   46         SH:  0    Dex: 11    Spells: 11/13 levels left

rFire   . . .      SeeInvis .    k - +2 whip (drain)
rCold   . . .      Faith    .    (no shield)
rNeg    . . .      Spirit   .    e - +0 plate armour
rPois   .          Reflect  .    (no helmet)
rElec   .          Harm     .    (no cloak)
rCorr   .          Rampage  .    p - +0 pair of gloves
Will    .....                    (no boots)
Stlth   ..........               (no amulet)
HPRegen 0.26/turn                (no ring)
MPRegen 0.12/turn                (no ring)

@: slowed, very slow
A: fangs 1, strong nose, distributed training
a: no special abilities


You were on level 1 of the Dungeon.
You visited 1 branch of the dungeon, and saw 2 of its levels.

You collected 46 gold pieces.

Inventory:

Hand Weapons
 a - a +0 falchion
 k - a +2 whip of draining (weapon)
Missiles
 d - 7 boomerangs of dispersal (quivered)
 j - 21 stones
Armour
 b - a +0 leather armour
 e - a +0 plate armour (worn)
 i - a +0 ring mail
 p - a +0 pair of gloves (worn)
Magical Staves
 n - a staff of fire
Scrolls
 c - a scroll of blinking
 f - a scroll of enchant weapon {unknown}
 g - a scroll of brand weapon {unknown}
 h - a scroll of amnesia {unknown}
 l - a scroll of teleportation {unknown}
 m - 3 scrolls of identify {unknown}
 o - a scroll of magic mapping {unknown}
 r - a scroll of fog {unknown}
Potions
 q - a potion of flight {unknown}


   Skills:
 + Level 4.7 Fighting
 + Level 1.3 Short Blades
 + Level 4.7 Long Blades
 + Level 1.3 Axes
 + Level 1.3 Maces & Flails
 + Level 1.3 Polearms
 + Level 1.3 Staves
 + Level 1.3 Ranged Weapons
 + Level 2.8 Throwing
 + Level 2.8 Armour
 + Level 4.7 Dodging
 + Level 1.3 Stealth
 + Level 1.3 Shields
 + Level 1.3 Unarmed Combat
 + Level 5.1 Spellcasting
 + Level 1.0 Conjurations
 + Level 1.0 Hexes
 + Level 1.0 Summonings
 + Level 1.0 Necromancy
 + Level 5.5 Translocations
 + Level 1.0 Transmutations
 + Level 1.0 Fire Magic
 + Level 1.0 Ice Magic
 + Level 1.0 Air Magic
 + Level 1.0 Earth Magic
 + Level 1.0 Poison Magic
 + Level 1.4 Invocations
 + Level 1.3 Evocations


You had 11 spell levels left.
You knew the following spells:

 Your Spells              Type           Power      Damage    Failure   Level
a - Blink                 Tloc           38%        N/A       100%        2

Your spell library contained the following spells:

 Spells                   Type           Power      Damage    Failure   Level
 Gell's Gravitas          Tloc           19%        N/A       100%        3
 Lesser Beckoning         Tloc           38%        N/A       100%        3
 Teleport Other           Tloc           19%        N/A       100%        3
 Vhi's Electric Charge    Tloc/Air       24%        N/A       100%        3
 Manifold Assault         Tloc           19%        N/A       100%        4
 Dispersal                Tloc           9%         N/A       100%        6


Dungeon Overview and Level Annotations

Branches:
Dungeon (2/15)

Altars:

Annotations:
D:1 Natasha


Innate Abilities, Weirdness & Mutations

You have very sharp teeth.
Your uncanny sense of smell can sniff out nearby items.
Your experience applies equally to all skills.


Message History

The shadow imp hits you but does no damage.
You closely miss Natasha. Your bite misses Natasha.
Natasha is moderately wounded.
Natasha claws you but does no damage.
The shadow imp hits you but does no damage.
You barely miss Natasha.
Natasha is moderately wounded.
Natasha casts a spell.
The shadow imp hits you but does no damage.
You closely miss Natasha. Your bite misses Natasha.
Natasha is moderately wounded.
Natasha claws you but does no damage. The shadow imp hits you.
The white imp gestures at you.
The puff of frost hits you but does no damage.
The white imp gestures at you. The puff of frost hits you!
You barely miss Natasha. Your bite misses Natasha.
Natasha is moderately wounded.
Natasha claws you but does no damage. The shadow imp hits you.
The white imp hits you but does no damage. x2
You hit Natasha.
Natasha is almost dead.
Natasha wildly gestures.
Natasha's front paws start to glow.
Natasha stares at you and mumbles some strange words.
The magic dart hits you.
The shadow imp hits you but does no damage.
The white imp hits you. The white imp freezes you.
The white imp hits you but does no damage.
You hit Natasha.
Natasha is almost dead.
Natasha stares at you and mumbles some strange words.
You feel yourself slow down. The shadow imp hits you.
The white imp gestures at you. The puff of frost hits you!
* * * LOW HITPOINT WARNING * * *
The white imp hits you.
* * * LOW HITPOINT WARNING * * *
The white imp freezes you.
You die...

#....).............
#..########........
##'###### #........
#.......###........
#...###...#########
#...# ###..######
####...# ##......#
#....h5# #......###
#....@.# #......'.#
#...5.5# #......#..
#......# #......###
####...# #......#
#...#### #......###
#......# #.........
####.#.###.........
######'#.............
#........#######.###.


You could see Natasha, 2 white imps and a shadow imp (summoned).

Vanquished Creatures
  Natasha (twice) (D:1)
  2 worms (D:2)
  A dart slug (D:1)
  2 orcs (D:1)
  7 endoplasms
  2 giant cockroaches (D:1)
  2 goblins (D:1)
  3 hobgoblins
  2 quokkas (D:1)
  4 ball pythons (D:1)
  3 bats (D:1)
  3 frilled lizards (D:1)
  6 kobolds
  4 rats
43 creatures vanquished.

Notes
Turn   | Place    | Note
-------+----------+-------------------------------------------
     0 | D:1      | dixiedixie the Gnoll Warper began the quest for the Orb.
     0 | D:1      | Reached XP level 1. HP: 20/20 MP: 6/6
   130 | D:1      | Reached XP level 2. HP: 26/26 MP: 7/7
   510 | D:1      | Reached skill level 5 in Spellcasting
   510 | D:1      | Reached XP level 3. HP: 22/23 MP: 7/9
   608 | D:1      | Learned a level 2 spell: Blink
   801 | D:1      | Reached skill level 1 in Invocations
  1004 | D:2      | Reached skill level 1 in Short Blades
  1004 | D:2      | Reached skill level 1 in Axes
  1004 | D:2      | Reached skill level 1 in Maces & Flails
  1004 | D:2      | Reached skill level 1 in Polearms
  1004 | D:2      | Reached skill level 1 in Staves
  1004 | D:2      | Reached skill level 1 in Ranged Weapons
  1004 | D:2      | Reached skill level 1 in Stealth
  1004 | D:2      | Reached skill level 1 in Shields
  1004 | D:2      | Reached skill level 1 in Unarmed Combat
  1004 | D:2      | Reached skill level 1 in Evocations
  1021 | D:2      | Noticed Natasha
  1206 | D:1      | Killed Natasha
  1207 | D:1      | Reached skill level 1 in Conjurations
  1207 | D:1      | Reached skill level 1 in Hexes
  1207 | D:1      | Reached skill level 1 in Summonings
  1207 | D:1      | Reached skill level 1 in Necromancy
  1207 | D:1      | Reached skill level 1 in Transmutations
  1207 | D:1      | Reached skill level 1 in Fire Magic
  1207 | D:1      | Reached skill level 1 in Ice Magic
  1207 | D:1      | Reached skill level 1 in Air Magic
  1207 | D:1      | Reached skill level 1 in Earth Magic
  1207 | D:1      | Reached skill level 1 in Poison Magic
  1207 | D:1      | Reached XP level 4. HP: 27/37 MP: 11/11
  1409 | D:1      | Noticed Natasha
  1416 | D:1      | Killed Natasha
  1488 | D:1      | Noticed Natasha
  1498 | D:1      | Slain by a white imp

Illustrated notes

Levels and vault maps discovered:
D:1:      denvon_arrival_planthouse, layout_basic
D:2:      layout_rooms, serial_shops, shop_fountains,
          shapermc_ecumenical_altar_hornbeckon, minmay_misc_feat_x,
          chequers_serial_rivers_large_a, uniq_natasha

Skill      XL: |  1  2  3 |
---------------+----------+-----
Spellcasting   | 5 |  5.1
Invocations    | 1 |  1.4
Short Blades   | 1 |  1.3
Axes           | 1 |  1.3
Maces & Flails | 1 |  1.3
Polearms       | 1 |  1.3
Staves         | 1 |  1.3
Ranged Weapons | 1 |  1.3
Stealth        | 1 |  1.3
Shields        | 1 |  1.3
Unarmed Combat | 1 |  1.3
Evocations     | 1 |  1.3
Conjurations   | 1 |  1.0
Hexes          | 1 |  1.0
Summonings     | 1 |  1.0
Necromancy     | 1 |  1.0
Transmutations | 1 |  1.0
Fire Magic     | 1 |  1.0
Ice Magic      | 1 |  1.0
Air Magic      | 1 |  1.0
Earth Magic    | 1 |  1.0
Poison Magic   | 1 |  1.0
Fighting       | |  4.7
Long Blades    | |  4.7
Throwing       | |  2.8
Armour         | |  2.8
Dodging        | |  4.7
Translocations | |  5.5

Action                   |  1- 3 |  4- 6 || total
-------------------------+-------+-------++-------
Melee: Falchion          |    62 |       ||    62
       Bite              |    13 |     1 ||    14
       Whip              |    70 |    13 ||    83
Armor: Plate armour      |   125 |    12 ||   137
Dodge: Dodged            |    19 |       ||    19

Table legend: (Time is in decaauts)
 A = Elapsed time spent in this place.
 B = Non-inter-level travel time spent in this place.
 C = Inter-level travel time spent in this place.
 D = Time resting spent in this place.
 E = Time spent auto-exploring this place.
 F = Levels seen in this place.
 G = Mean time per level.
                   A        B        C        D        E       F      G
               +--------+--------+--------+--------+--------+-----+--------+
         Total |   1510 |   1286 |    224 |    198 |    693 |   2 |  755.0 |
       Dungeon |   1510 |   1286 |    224 |    198 |    693 |   2 |  755.0 |
               +--------+--------+--------+--------+--------+-----+--------+

Top non-repeatable levels by time:
     D:1: 1397 daAuts
     D:2: 112 daAuts
